 Dungeon Crawl Stone Soup version 0.23-a0-417-gf02c810438 (webtiles) character file.

3055 LostNumber the Summoner (level 9, -10/57 HPs)
             Began as a Mummy Summoner on Nov 8, 2018.
             Was an Initiate of Gozag.
             Killed from afar by an electric eel (11 damage)
             ... with a bolt of electricity
             ... in a bailey on Nov 10, 2018.
             The game lasted 00:34:56 (13057 turns).

LostNumber the Summoner (Mummy Summoner)           Turns: 13057, Time: 00:34:58

Health: -10/57     AC:  5    Str: 12    XL:     9   Next: 57%
Magic:  20/29      EV: 12    Int: 17    God:    Gozag
Gold:   569        SH:  0    Dex: 12    Spells: 1/23 levels left

rFire    x . .     SeeInvis .   k - +1 trident (vamp)
rCold    + . .     Gourm    .   (no shield)
rNeg     + + +     Faith    .   a - +0 robe
rPois    ∞         Spirit   .   (no helmet)
rElec    .         Reflect  .   (no cloak)
rCorr    .         Harm     .   (no gloves)
MR       +....                  (no boots)
Stlth    ++........             (no amulet)
HPRegen  0.19/turn              o - ring of magical power
MPRegen  0.21/turn              g - +3 ring of protection

@: gold aura, very slightly contaminated
A: no food or potions, fire vulnerability, cold resistance 1, negative energy
resistance 3, torment resistance, unbreathing
a: Potion Petition, Call Merchant, Bribe Branch, Renounce Religion


You were in a bailey.
You worshipped Gozag.
Gozag was pleased with you.
You were not hungry.

You visited 1 branch of the dungeon, and saw 9 of its levels.
You also visited: Bailey.

You collected 1363 gold pieces.
You spent 734 gold pieces at shops.
You paid 60 gold pieces to Gozag.

Inventory:

Hand Weapons
 c - a +0 dagger
 k - a +1 vampiric trident (weapon)
Armour
 a - a +0 robe (worn)
 j - a +2 chain mail of cold resistance
 s - the cursed +0 scale mail "Bezo Pon" {rF+ Dex+3}
   (You took it off a gnoll on level 6 of the Dungeon)

   It affects your dexterity (+3).
   It protects you from fire.
   It has a curse placed upon it.
Magical Staves
 l - an uncursed staff of power
Jewellery
 b - a +2 ring of dexterity
 g - a +3 ring of protection (right hand)
 o - a ring of magical power (left hand)
Wands
 d - a wand of iceblast (7)
 h - a wand of flame (15)
 n - a wand of polymorph (8)
Scrolls
 e - 2 scrolls of blinking
 f - 4 scrolls of remove curse
 i - 7 scrolls of teleportation
 m - a scroll of fog
 p - a scroll of enchant weapon
 t - a scroll of amnesia


   Skills:
 - Level 1.5 Dodging
 - Level 1.5 Stealth
 + Level 7.8 Spellcasting
 + Level 2.9 Hexes
 * Level 8.2 Summonings
 + Level 3.3 Ice Magic
 + Level 4.5 Air Magic


You had one spell level left.
You knew the following spells:

 Your Spells              Type           Power        Failure   Level  Hunger
a - Summon Small Mammal   Summ           ####         1%          1    N/A
b - Call Imp              Summ           ####....     1%          2    N/A
c - Call Canine Familiar  Summ           ####....     1%          3    N/A
d - Summon Lightning Spi  Summ/Air       ####....     8%          4    N/A
e - Summon Ice Beast      Ice/Summ       ####....     10%         4    N/A
f - Summon Mana Viper     Hex/Summ       ####....     30%         5    N/A
g - Mephitic Cloud        Conj/Pois/Air  ##......     17%         3    N/A

Your spell library contained the following spells:

 Spells                   Type           Power        Failure   Level  Hunger
 Summon Butterflies       Summ           ####....     1%          1    N/A
 Animate Skeleton         Necr           N/A          11%         1    N/A
 Magic Dart               Conj           #...         11%         1    N/A
 Pain                     Necr           #...         11%         1    N/A
 Summon Guardian Golem    Hex/Summ       ####....     3%          3    N/A
 Slow                     Hex            ###.....     4%          2    N/A
 Blink                    Tloc           N/A          16%         2    N/A
 Shroud of Golubria       Chrm/Tloc      #.........   16%         2    N/A
 Conjure Flame            Conj/Fire      #.......     32%         3    N/A
 Gell's Gravitas          Tloc           #.........   32%         3    N/A
 Lesser Beckoning         Tloc           #.........   32%         3    N/A
 Teleport Other           Tloc           #.......     32%         3    N/A
 Vampiric Draining        Necr           #.........   32%         3    N/A
 Animate Dead             Necr           N/A          71%         4    N/A
 Passage of Golubria      Tloc           N/A          71%         4    N/A
 Summon Hydra             Summ           ####......   97%         7    N/A
 Haunt                    Necr/Summ      ###.......   100%        7    N/A
 Infestation              Necr           #.........   100%        8    N/A
 Regeneration             Chrm/Necr      Unusable     N/A         3    N/A
 Borgnjor's Revivificati  Necr           Unusable     N/A         8    N/A
 Death's Door             Chrm/Necr      Unusable     N/A         8    N/A
 Necromutation            Tmut/Necr      Unusable     N/A         8    N/A

Dungeon Overview and Level Annotations

Branches:
Dungeon (9/15)             Temple (0/1) D:5             Orc (0/2) D:9
   Lair: D:8-11

Altars:
Dithmenos
Fedhas
Gozag
Okawaru
Vehumet
Xom
Yredelemnul
The Shining One

Shops:
D:4 (:!?=   D:5 (   D:6 ?

Annotations:
D:2 1 runed door
D:8 Gastronok


Innate Abilities, Weirdness & Mutations

You do not eat or drink.
Your flesh is vulnerable to fire.
You are immune to poison.
Your flesh is cold resistant. (rC+)
You are immune to negative energy. (rN+++)
You are immune to unholy pain and torment.
You can survive without breathing.


Message History

The bolt of electricity hits the hobgoblin.
The hobgoblin dies!
The electric eel shoots out a bolt of lightning at you!
The bolt of electricity hits you!
The electric eel shoots out a bolt of lightning at you!
The bolt of electricity hits you!
* * * LOW HITPOINT WARNING * * *
The electric eel shoots out a bolt of lightning at you!
The bolt of electricity hits you!
* * * LOW HITPOINT WARNING * * *
The bolt of electricity hits you!
* * * LOW HITPOINT WARNING * * *
The orc warrior becomes distracted by the nearby gold, dreaming of imaginary The electric eel shoots out a bolt of lightning at you!
The bolt of electricity hits the orc warrior.
The orc warrior is no longer distracted by gold.
The orc warrior shouts!
The bolt of electricity hits you!
You die...
Your body crumbles into a pile of gold.

≈≈≈≈≈≈≈≈≈≈≈≈≈≈≈≈≈≈≈≈≈≈≈≈≈
≈≈≈≈≈≈≈≈≈≈≈≈≈≈≈≈≈≈≈≈≈≈≈≈≈
≈≈≈≈≈≈≈≈≈≈≈;≈≈≈≈≈≈≈≈≈≈≈≈≈
≈≈≈≈≈≈≈≈≈≈≈≈≈≈≈≈≈≈≈≈≈≈≈≈≈
≈≈≈≈≈≈≈≈≈≈≈≈≈≈≈≈≈≈≈≈≈≈≈
≈≈≈≈≈≈≈≈≈≈≈≈≈≈≈≈≈≈≈≈≈
####8≈;≈≈≈≈≈≈≈≈≈≈######
#..$....o......).)..#.# ≈≈≈≈
#..#######@#######..#'# ≈≈≈≈#...
#....)..#.....#....# ≈≈ ≈≈≈≈#..
#.8)8.8.))).).#....#≈≈
≈≈≈≈######...)...#####'######≈≈≈≈
≈≈≈≈≈.#.....)#)...#))#.#%%#.≈≈≈≈≈
≈≈≈≈≈.#......#....#))#.#%%#.≈≈≈≈≈
≈≈≈≈≈.#''#####....#..#.#..# ≈≈≈≈≈
≈≈≈≈≈)#.....##....#..#.#..#.≈≈≈≈≈
......).....##....#'##.##'#.≈≈≈≈≈


You could see an orc warrior, 2 electric eels and a friendly lightning spire.

Vanquished Creatures
  Erica (D:8)
  An ice beast (D:6)
  An ogre (D:5)
  2 phantoms
  2 scorpions
  2 hounds
  3 orc wizards
  3 worker ants
  A hound zombie (D:6)
  A howler monkey zombie (D:7)
  4 gnolls
  7 adders
  A shadow imp (D:6)
  A dart slug (D:2)
  5 leopard geckos
  18 orcs
  3 giant cockroaches
  3 goblins
  3 hobgoblins
  5 jackals (D:5)
  5 kobolds
  2 quokkas
  A ball python (D:2)
  4 bats
  4 frilled lizards
  A jackal zombie (D:2)
  2 leopard gecko skeletons
  A quokka zombie (D:8)
  7 rats
94 creatures vanquished.

Vanquished Creatures (collateral kills)
  2 kobold demonologists (Bailey)
  A hippogriff (D:7)
  A steam dragon (D:8)
  An ice beast (D:7)
  6 orc warriors
  A necrophage (D:8)
  3 ogres
  A centaur (D:7)
  3 bullfrogs
  A scorpion (D:4)
  4 killer bees
  5 crimson imps
  A jelly (D:7)
  4 orc priests
  8 hounds
  9 orc wizards
  2 iguanas
  Terence (D:2)
  4 worker ants
  A howler monkey skeleton (D:7)
  5 adders
  8 gnolls
  A shadow imp (D:7)
  2 oozes
  2 dart slugs (D:1)
  2 leopard geckos
  29 orcs
  5 giant cockroaches
  11 goblins
  6 hobgoblins
  A jackal (D:5)
  A quokka (D:2)
  A ball python (D:7)
  4 bats
  7 kobolds
  3 rats
147 creatures vanquished.

Grand Total: 241 creatures vanquished

Notes
Turn   | Place    | Note
-------+----------+-------------------------------------------
     0 | D:1      | LostNumber the Mummy Summoner began the quest for the Orb.
     0 | D:1      | Reached XP level 1. HP: 13/13 MP: 4/4
   658 | D:1      | Reached XP level 2. HP: 9/19 MP: 3/6
   825 | D:1      | Learned a level 2 spell: Call Imp
  1955 | D:1      | Reached XP level 3. HP: 24/24 MP: 7/7
  2144 | D:1      | Learned a level 3 spell: Call Canine Familiar
  2379 | D:2      | Found a runed door.
  2379 | D:2      | Noticed a human
  2381 | D:2      | Found a basalt altar of Yredelemnul.
  2490 | D:2      | Reached skill level 4 in Summonings
  2616 | D:2      | Noticed Terence
  2650 | D:2      | Killed Terence
  2968 | D:2      | Reached XP level 4. HP: 30/30 MP: 9/9
  2974 | D:2      | Learned a level 4 spell: Summon Lightning Spire
  3738 | D:3      | Found a shimmering altar of Xom.
  4076 | D:3      | Found an iron altar of Okawaru.
  4372 | D:3      | Reached XP level 5. HP: 35/35 MP: 11/11
  4436 | D:4      | Reached skill level 1 in Air Magic
  4509 | D:4      | Found Ycaotiar's Jewellery Shop.
  4601 | D:4      | Noticed a phantom
  4617 | D:4      | Killed a phantom
  4617 | D:4      | Reached skill level 5 in Summonings
  4617 | D:4      | Reached XP level 6. HP: 41/41 MP: 3/13
  4917 | D:4      | Found Pashieg's Distillery.
  4930 | D:4      | Found Atuorgh's Magic Scroll Boutique.
  4936 | D:4      | Bought a scroll of teleportation for 42 gold pieces
  5185 | D:4      | Found Mampufra's Antique Weapon Boutique.
  5214 | D:4      | Found Qeoshr Xyge's Book Shoppe.
  5253 | D:5      | Entered Level 5 of the Dungeon
  5260 | D:5      | Found Lonwyilu's Antique Weapon Emporium.
  5379 | D:5      | Found an opulent altar of Gozag.
  5424 | D:5      | Reached skill level 5 in Spellcasting
  5442 | D:5      | Became a worshipper of Gozag Ym Sagoz the Greedy
  5642 | D:5      | Found a staircase to the Ecumenical Temple.
  5863 | D:5      | Reached XP level 7. HP: 41/46 MP: 11/14
  6576 | D:5      | Reached skill level 6 in Summonings
  6875 | D:5      | Learned a level 4 spell: Summon Ice Beast
  6876 | D:5      | Found a shadowy altar of Dithmenos.
  6935 | D:5      | Found a blossoming altar of Fedhas.
  6946 | D:5      | Found a glowing golden altar of the Shining One.
  7095 | D:5      | Found a radiant altar of Vehumet.
  7656 | D:6      | Found Ocozoadd's Magic Scroll Boutique.
  7665 | D:6      | Bought a scroll of identify for 30 gold pieces
  7665 | D:6      | Bought a scroll of blinking for 112 gold pieces
  7669 | D:6      | Identified the cursed +0 scale mail "Bezo Pon" {rF+ Dex+3}
  8130 | D:5      | Upgraded the game from 0.23-a0-408-g9d4b7edeb2 to
                  | 0.23-a0-417-gf02c810438
  8285 | D:6      | Reached XP level 8. HP: 52/52 MP: 9/17
  8288 | D:6      | Reached skill level 1 in Ice Magic
  9012 | D:7      | Reached skill level 7 in Summonings
  9058 | D:4      | Bought a book of Beasts for 550 gold pieces
  9064 | D:4      | Learned a level 5 spell: Summon Mana Viper
  9817 | D:7      | Reached skill level 1 in Hexes
 10284 | D:7      | Noticed a hippogriff
 10294 | D:7      | Killed a hippogriff
 11492 | D:8      | Reached XP level 9. HP: 36/57 MP: 19/19
 11823 | D:8      | Noticed Gastronok
 12162 | D:8      | Noticed Erica
 12171 | D:8      | Killed Erica
 12353 | D:9      | Found a flagged portal.
 12374 | Bailey   | Entered a bailey
 12496 | Bailey   | Found an iron altar of Okawaru.
 12496 | Bailey   | Noticed a kobold demonologist
 12496 | Bailey   | Noticed a kobold demonologist
 12509 | Bailey   | Noticed a sixfirhy
 12511 | Bailey   | Killed a kobold demonologist
 12515 | Bailey   | Killed a kobold demonologist
 12515 | Bailey   | Reached skill level 8 in Summonings
 12927 | Bailey   | Learned a level 3 spell: Mephitic Cloud
 13056 | Bailey   | HP: 1/57 [electric eel/bolt of electricity (7)]
 13057 | Bailey   | Killed from afar by an electric eel

Vault maps used:
D:1:      psy_arrival_dodecagon, minmay_pentomino_w2
D:2:      dk_yredelemnul_ordeal, uniq_terence
D:3:      lemuel_doored_altar, nicolae_overflow_hidden_temple,
          grunt_ministairs_11
D:4:      serial_shops, nicolae_shop_temple_entry_statues_fountains, shop, shop,
          kennysheep_mini_moat, shop_fountains
D:5:      nicolae_dithmenos_through_a_glass_darkly, overflow_temple_1_default,
          minitemple, nicolae_gozag_seed_capital,
          minmay_temple_entry_statues_fountains, first_ration, serial_shops,
          shop
D:6:      serial_shops, nicolae_shop_statue_plus
D:8:      uniq_erica, uniq_gastronok
D:9:      zombieorc2_lemuel, enter_bailey_7, serial_undead, serial_undead_c,
          serial_undead_c, serial_undead_a, serial_undead_d, serial_undead_e,
          kennysheep_donut, david_nohive_1
Bailey:   bailey_axe_of_yendor_kennysheep, bailey

Skill      XL: |  1  2  3  4  5  6  7  8  9 |
---------------+----------------------------+-----
Spellcasting   | 3 4 5 6 7 |  7.8
Summonings     | 4 5 6 7 8 |  8.2
Air Magic      | 1 2 3 4 |  4.5
Ice Magic      | 2 3 |  3.3
Hexes          | 1 2 |  2.9
Dodging        | |  1.5
Stealth        | |  1.5

Action                   |  1- 3 |  4- 6 |  7- 9 || total
-------------------------+-------+-------+-------++-------
Melee: Dagger            |   142 |    62 |       ||   204
       Unarmed           |     8 |       |       ||     8
       Trident           |       |   135 |   321 ||   456
 Cast: Summon Small Mamm |    11 |       |       ||    11
       Call Imp          |    14 |    19 |    10 ||    43
       Call Canine Famil |     8 |    23 |    31 ||    62
       Summon Ice Beast  |       |       |    52 ||    52
       Summon Lightning  |       |       |    15 ||    15
Invok: Potion Petition   |       |       |     1 ||     1
  Use: Scroll            |       |       |     9 ||     9
 Stab: Sleeping          |     5 |     6 |     5 ||    16
       Distracted        |       |     1 |     4 ||     5
Armor: Robe              |    34 |    79 |    92 ||   205
Dodge: Dodged            |   108 |   130 |   200 ||   438

Table legend:
 A = Non-vault XP
 B = Vault XP
 C = Vault XP percentage of total XP
 D = Non-vault monster count
 E = Vault monster count
 F = Vault count percentage of total count
                 A         B        C        D         E       F
            +---------+---------+-------+---------+---------+-------
      Total |    3062 |    1303 |  29.9 |     207 |      34 |  14.1
            +---------+---------+-------+---------+---------+-------
        D:1 |      38 |       3 |   7.3 |      25 |       1 |   3.8
        D:2 |      57 |      17 |  23.0 |      20 |       2 |   9.1
        D:3 |     105 |       2 |   1.9 |      24 |       2 |   7.7
        D:4 |     425 |       0 |   0.0 |      26 |       0 |   0.0
        D:5 |     438 |       0 |   0.0 |      29 |       0 |   0.0
        D:6 |     739 |       0 |   0.0 |      34 |       0 |   0.0
        D:7 |     863 |       0 |   0.0 |      26 |       0 |   0.0
        D:8 |     397 |     481 |  54.8 |      23 |       1 |   4.2
        D:9 |       0 |      24 | 100.0 |       0 |       4 | 100.0
     Bailey |       0 |     776 | 100.0 |       0 |      24 | 100.0
            +---------+---------+-------+---------+---------+-------
